 Dungeon Crawl Stone Soup version 0.29-a0-275-g389c0b56f3 (webtiles) character file.

Game seed: 5785647381575639092

367 frimble the Cutter (level 7, -4/78 HPs)
             Began as a Djinni Cinder Acolyte on Mar 10, 2022.
             Was a High Priest of Ignis.
             Slain by an ogre
             ... wielding a +0 giant club
              (16 damage)
             ... on level 5 of the Dungeon.
             The game lasted 00:04:05 (4216 turns).

frimble the Cutter (Djinni Cinder Acolyte)          Turns: 4216, Time: 00:04:06

Health: -4/78      AC: 23    Str: 13    XL:     7   Next: 1%
Gold:   249        EV:  2    Int: 17    God:    Ignis [*****.] SH:  0 Dex:  9

rFire   + + .      SeeInvis .   j - +2 dagger (elec)
rCold   . . .      Faith    .   (no shield)
rNeg    . . .      Spirit   .   (body armour currently unavailable)
rPois   ∞          Reflect  .   (helmet currently unavailable)
rElec   .          Harm     .   (cloak currently unavailable)
rCorr   .          Rampage  .   (gloves currently unavailable)
Will    .....      NoTele   +   (boots unavailable)
Stlth   +.........              (no amulet)
HPRegen 0.23/turn               c - ring of protection from fire
MPRegen 0.00/turn               (no ring)

@: tree-form
A: stationary, stasis, torment immunity, boosted hp, sickness immunity, (fire
resistance 2), (cold vulnerability 1), float, innate caster, HP casting, extra
vitality 1
a: Renounce Religion, Fiery Armour, Foxfire Swarm, Rising Flame


You were on level 5 of the Dungeon.
You worshipped Ignis.
Ignis was extremely pleased with you.
You were a tree.
You visited 1 branch of the dungeon, and saw 5 of its levels.

You collected 249 gold pieces.

Inventory:

Hand Weapons
 e - a +0 rapier
 j - a +2 dagger of electrocution (weapon)
Armour
 b - a +1 robe (melded)
Jewellery
 c - a ring of protection from fire (left branch)
Wands
 l - a wand of polymorph (8)
Scrolls
 d - 2 scrolls of enchant armour
 f - a scroll of fear
Potions
 g - a potion of berserk rage {unknown}
 h - a potion of might {unknown}
 i - 2 potions of attraction {unknown}
 k - a potion of curing {unknown}


   Skills:
 - Level 4.0 Fighting
 + Level 4.7 Short Blades
 + Level 4.0 Spellcasting


You had 7 spell levels left.
You knew the following spells:

 Your Spells              Type           Power      Damage    Failure   Level
a - Scorch                Fire           34%        2d7       4%          2
b - Slow                  Hex            68%        N/A       3%          1
c - Ensorcelled Hibernat  Hex/Ice        34%        N/A       4%          2
d - Static Discharge      Conj/Air       17%        N/A       4%          2
Your spell library was empty.

Dungeon Overview and Level Annotations

Branches:
Dungeon (5/15)
 Temple: D:4-7

Altars:

Portals:
Abyss: D:3

Annotations:
D:3 2 transporters, bearlyready's ghost, amateur KoHu


Innate Abilities, Weirdness & Mutations

You are a tree.
Your roots penetrate the ground, keeping you stationary.
You cannot be teleported.
You are immune to unholy pain and torment.
Your maximum health is greatly increased.
Your equipment is partially melded.
You are immune to sickness and miasma.
You are immune to poison.
((Your flesh is very heat resistant. (rF++)))
((You are vulnerable to cold. (rC-)))
You float through the air rather than walking.
You learn spells naturally, not from books.
Your magical power is your life essence.
You have superior vitality. (+4 MHP)


Message History

You hit the water moccasin but do no damage.
The water moccasin is almost dead.
The water moccasin barely misses you.
You barely miss the water moccasin.
The water moccasin is almost dead.
The water moccasin bites you.
You hit the water moccasin.
The water moccasin is almost dead.
The water moccasin closely misses you.
You hit the water moccasin.
Lightning courses through the water moccasin!
You kill the water moccasin!
Your Spellcasting skill increases to level 4!
You have reached level 7!
The power to cast Static Discharge wells up from within.
Spell assigned to 'd'.
Casting: Ensorcelled Hibernation (safe; 4% risk of failure)
Confirm with . or Enter, or press ? or * to list all spells.
Aiming: Ensorcelled Hibernation (safe; 4% risk of failure)
Press: ? - help, Shift-Dir - straight line, f - ogre
Aim: an ogre, wielding a +0 giant club (chance to affect: 50%)
The ogre looks drowsy...
You see here a water moccasin corpse.
The helpless ogre fails to defend itself.
You puncture the ogre!
The ogre is moderately wounded.
The ogre hits you with a +0 giant club.
You completely miss the ogre.
The ogre is moderately wounded.
The ogre attacks as you move away!
The ogre hits you with a +0 giant club!!
* * * LOW HITPOINT WARNING * * *
You see here 13 gold pieces.
Casting: Ensorcelled Hibernation (safe; 4% risk of failure)
Confirm with . or Enter, or press ? or * to list all spells.
Okay, then.
Really quaff the potion of lignification?
You turn into a tree.
Your +1 robe melds into your body.
Your roots penetrate the ground.
The ogre hits you with a +0 giant club!
You die...

.# #......###
#...####..... #.#
#......# #....S##### ..#
#..OS..# #####.# .#
###..#### #<#
.########...## #.#
..........### #.#
..........# #.#
.........############
#.#
.........)....†O♣...#
#.#
.....)...##########....#
#.# ....)....# #.. ...
.........# .........#
##########


You could see an ogre.

Vanquished Creatures
  A water moccasin (D:5)
  A howler monkey (D:5)
  An orc priest (D:3)
  An iguana (D:5)
  2 orc wizards (D:3)
  5 adders
  A shadow imp (D:4)
  A worm (D:2)
  5 orcs
  5 ball pythons
  9 bats
  4 endoplasms
  7 goblins
  3 hobgoblins
  4 kobolds
  A quokka (D:3)
  7 frilled lizards
  7 rats
65 creatures vanquished.

Notes
Turn   | Place    | Note
-------+----------+-------------------------------------------
     0 | D:1      | frimble the Djinni Cinder Acolyte began the quest for the
                  | Orb.
     0 | D:1      | Reached XP level 1. HP: 20/20 MP: 0/0
   271 | D:1      | Reached XP level 2. HP: 25/25 MP: 0/0
   614 | D:1      | Found a faded altar of an unknown god.
  1156 | D:2      | Reached XP level 3. HP: 25/30 MP: 0/0
  1156 | D:2      | Learned a level 1 spell: Slow
  1235 | D:2      | You are sucked into a shaft and drop 1 floor!
  1782 | D:3      | Reached XP level 4. HP: 19/35 MP: 0/0
  3022 | D:3      | Found a transporter.
  3085 | D:3      | Noticed bearlyready's ghost (amateur KoHu)
  3090 | D:3      | Found a transporter.
  3093 | D:3      | Found a one-way gate to the infinite horrors of the Abyss.
  3193 | D:3      | Reached XP level 5. HP: 41/41 MP: 0/0
  3193 | D:3      | Learned a level 2 spell: Ensorcelled Hibernation
  3595 | D:4      | Noticed a two-headed ogre
  3748 | D:5      | Entered Level 5 of the Dungeon
  3756 | D:5      | Noticed a water moccasin
  3765 | D:5      | Reached XP level 6. HP: 47/47 MP: 0/0
  3769 | D:5      | Noticed an ogre
  4209 | D:5      | Killed a water moccasin
  4210 | D:5      | Reached XP level 7. HP: 38/52 MP: 0/0
  4210 | D:5      | Learned a level 2 spell: Static Discharge
  4216 | D:5      | Slain by an ogre

Illustrated notes

Levels and vault maps discovered:
D:1:      amcnicky_arrival_double_pillar, layout_basic,
          hellmonk_ecumenical_altar_arch_garden
D:2:      layout_rooms, minmay_box_of_dots
D:3:      layout_loops_ring, gammafunk_ghost_abyssal_escape
D:4:      layout_basic
D:5:      layout_rooms, st_stairs_4, item_on_display_a, uniq_grinder,
          uniq_duvessa

Skill      XL: |  1  2  3  4  5  6 |
---------------+-------------------+-----
Short Blades   | 3 4 |  4.7
Spellcasting   | 3 4 |  4.0
Fighting       | 4 |  4.0

Action                   |  1- 3 |  4- 6 |  7- 9 || total
-------------------------+-------+-------+-------++-------
Melee: Short sword       |    30 |       |       ||    30
       Punch             |     1 |       |       ||     1
       Rapier            |    64 |     2 |       ||    66
       Dagger            |       |    85 |     2 ||    87
 Cast: Scorch            |     8 |     5 |       ||    13
       Ensorcelled Hiber |       |     3 |     1 ||     4
  Use: Scroll            |     1 |     4 |       ||     5
       Potion            |       |     2 |     1 ||     3
 Stab: Sleeping          |     1 |     2 |     1 ||     4
Armor: Robe              |    32 |    14 |       ||    46
Dodge: Dodged            |    57 |    36 |       ||    93

Table legend: (Time is in decaauts)
 A = Elapsed time spent in this place.
 B = Non-inter-level travel time spent in this place.
 C = Inter-level travel time spent in this place.
 D = Time resting spent in this place.
 E = Time spent auto-exploring this place.
 F = Levels seen in this place.
 G = Mean time per level.
                   A        B        C        D        E       F      G
               +--------+--------+--------+--------+--------+-----+--------+
         Total |   4186 |   4003 |    183 |      0 |   3479 |   5 |  837.2 |
       Dungeon |   4186 |   4003 |    183 |      0 |   3479 |   5 |  837.2 |
               +--------+--------+--------+--------+--------+-----+--------+

Top non-repeatable levels by time:
     D:2: 1266 daAuts
     D:3: 1148 daAuts
     D:1: 1146 daAuts
     D:4: 345 daAuts
     D:5: 280 daAuts
